 Dungeon Crawl Stone Soup version 0.17.0-28-g6e173f8 (webtiles) character file.

26 ketsa the Caller (level 2, 0/19 HPs)
             Began as a Demonspawn Summoner on Nov 30, 2015.
             Slain by an adder (4 damage)
             ... on level 2 of the Dungeon.
             The game lasted 00:03:11 (1850 turns).

ketsa the Caller (Demonspawn Summoner)              Turns: 1850, Time: 00:03:11

Health: 0/19       AC:  2    Str:  8    XL:     2   Next: 89%
Magic:  2/5        EV: 12    Int: 16    God:
Gold:   69         SH:  0    Dex: 13    Spells: 2 memorised, 2 levels left

rFire  . . .     SeeInvis .     h - +0 short sword
rCold  . . .     Clarity  .     a - +0 robe
rNeg   . . .     SustAt   .     (no shield)
rPois  .         Gourm    .     (no helmet)
rElec  .         Spirit   .     (no cloak)
rCorr  .         Warding  .     (no gloves)
rMut   .         Stasis   .     (no boots)
MR     .....                    (no amulet)
Stlth  ++........               (no ring)
                                (no ring)

@: lethally poisoned (0 -> -4), not resistant to hostile enchantments,
unstealthy
A: powered by pain 1
a: no special abilities


You were on level 2 of the Dungeon.
You were very hungry.

You visited 1 branch of the dungeon, and saw 2 of its levels.

You collected 69 gold pieces.

Inventory:

Hand Weapons
 d - a +0 spear
 h - a +0 short sword (weapon)
 k - a cursed +0 dagger
Armour
 a - a +0 robe (worn)
 e - a +0 robe
Scrolls
 f - a scroll of teleportation {unknown}
 j - 2 scrolls of identify {unknown}
Potions
 g - a potion of curing {unknown}
 l - a potion of flight {unknown}
 n - a potion of heal wounds {unknown}
Books
 b - a book of Callings

   Spells                             Type                      Level
   a - Summon Small Mammal            Summoning                    1
   b - Call Imp                       Summoning                    2
   c - Call Canine Familiar           Summoning                    3
   d - Summon Guardian Golem          Hexes/Summoning              3
   e - Summon Lightning Spire         Summoning/Air                4
   f - Summon Ice Beast               Ice/Summoning                4
Comestibles
 c - a bread ration
 i - a meat ration


   Skills:
 + Level 2.3 Dodging
 - Level 1.7 Stealth
 + Level 2.3 Spellcasting
 * Level 4.3 Summonings


You had 2 spell levels left.
You knew the following spells:

 Your Spells              Type           Power        Failure   Level  Hunger
a - Summon Small Mammal   Summ           ###.         4%          1    #......
b - Call Imp              Summ           ###.....     8%          2    ###....


Dungeon Overview and Level Annotations

Branches:
Dungeon (2/15)

Altars:


Innate Abilities, Weirdness & Mutations

You sometimes gain a little power by taking damage.


Message History

Confirm with . or Enter, or press ? or * to list all spells.
Your bat closely misses the bat.
The adder bites you.
Your crimson imp hits the adder.
The bat closely misses you. The adder bites you but does no damage.
You feel sick. The bat barely misses you.
Your crimson imp completely misses the adder.
The adder barely misses you.
Your bat barely misses the bat.
You miss the adder.
The adder is moderately wounded.
The bat closely misses you.
Your bat misses the bat. The adder misses you.
Your crimson imp barely misses the adder.
You closely miss the adder.
The adder is moderately wounded.
* * * LOW HITPOINT WARNING * * *
You feel sick.
Your bat hits the bat but does no damage.
The adder misses you. The bat hits you.
* * * LOW HITPOINT WARNING * * *
The adder bites you.
You die...

#######+#####
...........<#
.......r..###.#
....b.b@......#
.......S5#...##
.........†.......
.........#...##..
.........#...# .
.........#...#
.....)...#...#
.........#...#


You could see an adder, a bat, a friendly crimson imp, a friendly bat and a
friendly rat.

Vanquished Creatures
  A giant gecko (D:1)
  3 bats (D:1)
  A hobgoblin (D:2)
  6 kobolds (D:1)
  A giant cockroach (D:1)
  A giant newt (D:1)
  A rat (D:1)
14 creatures vanquished.

Vanquished Creatures (collateral kills)
  An ooze (D:1)
  A bat (D:1)
  A giant cockroach (D:1)
  A hobgoblin (D:1)
  2 kobolds (D:1)
  A giant newt (D:1)
  4 rats
11 creatures vanquished.

Grand Total: 25 creatures vanquished

Notes
Turn   | Place    | Note
--------------------------------------------------------------
     0 | D:1      | ketsa the Demonspawn Summoner began the quest for the Orb.
     0 | D:1      | Reached XP level 1. HP: 13/13 MP: 3/3
   586 | D:1      | Gained mutation: You sometimes gain a little power by taking damage. [demonic ancestry]
   586 | D:1      | Reached XP level 2. HP: 13/19 MP: 5/5
   817 | D:1      | Learned a level 2 spell: Call Imp
  1850 | D:2      | Slain by an adder

Action                   || total
-------------------------++-------
Melee: Unarmed           ||    22
       Short sword       ||    44
 Cast: Summon Small Mamm ||    19
       Call Imp          ||     1
  Eat: Chunk             ||     2
